 Dungeon Crawl Stone Soup version 0.17-a0-913-g36eb389 (webtiles) character file.

143 drasked the Magician (level 5, 0/28 HPs)
             Began as a Deep Elf Ice Elementalist on May 3, 2015.
             Succumbed to Sigmund's poison
             ... on level 3 of the Dungeon.
             The game lasted 00:10:00 (2683 turns).

drasked the Magician (Deep Elf Ice Elementalist)    Turns: 2683, Time: 00:10:00

Health: 0/28       AC: 13    Str:  5    XL:     5   Next: 4%
Magic:  11/13      EV: 13    Int: 26    God:
Gold:   122        SH:  0    Dex: 15    Spells: 2 memorised, 8 levels left

rFire  . . .     SeeInvis .     k - +2 whip (elec)
rCold  . . .     Clarity  .     r - +0 leather armour
rNeg   . . .     SustAb   .     (no shield)
rPois  .         Gourm    +     (no helmet)
rElec  .         Spirit   .     f - +2 cloak
rCorr  .         Warding  .     l - +0 pair of gloves
rMut   .         Stasis   .     (no boots)
MR     .....                    q - amulet of the gourmand {Gourm, !d}
Stlth  +.........               (no ring)
                                j - ring of wizardry {Wiz+, !d}

@: confused, brilliant, lethally poisoned (0 -> -18), icy armour, not resistant
to hostile enchantments, very unstealthy
A: no striking features
a: no special abilities


You were on level 3 of the Dungeon.
You were very full.

You visited 1 branch of the dungeon, and saw 3 of its levels.

You collected 122 gold pieces.

Inventory:

Hand weapons
 k - a +2 whip of electrocution (weapon)
   (You found it on level 1 of the Dungeon)
Missiles
 e - 8 curare-tipped needles
Armour
 f - a +2 cloak (worn)
   (You found it on level 1 of the Dungeon)
 l - a +0 pair of gloves (worn)
   (You found it on level 1 of the Dungeon)
 r - a +0 leather armour (worn)
   (You found it on level 1 of the Dungeon)
Jewellery
 j - a ring of wizardry (left hand) {Wiz+, !d}
   (You found it on level 1 of the Dungeon)
 q - an amulet of the gourmand (around neck) {Gourm, !d}
   (You found it on level 1 of the Dungeon)
Magical devices
 u - a wand of lightning (4)
   (You found it on level 3 of the Dungeon)
 y - a wand of polymorph (4)
   (You took it off a hobgoblin on level 3 of the Dungeon)
Scrolls
 g - 3 scrolls of fog {unknown}
 h - a scroll of remove curse {unknown}
 i - 3 scrolls of identify {unknown}
 m - a scroll of enchant weapon {unknown}
 s - a scroll of fear {unknown}
 v - a scroll of blinking {unknown}
Potions
 a - a potion of ambrosia {unknown}
 t - a potion of haste {unknown}
 w - a potion of mutation {unknown}
Books
 b - a book of Frost
Comestibles
 c - 3 bread rations {@e1}
 d - a meat ration {@e2}
 n - a slice of pizza
 p - 5 fruits


   Skills:
 - Level 4.1 Dodging
 - Level 3.2 Stealth
 + Level 4.4 Spellcasting
   Level 1.1 Conjurations
 * Level 0.0 Charms
 + Level 4.3 Ice Magic


You had 8 spell levels left.
You knew the following spells:

 Your Spells              Type           Power        Failure   Level  Hunger
a - Freeze                Ice            ####         1%          1    None
A - Ozocubu's Armour      Chrm/Ice       ####....     2%          3    ##.....


Dungeon Overview and Level Annotations

Branches:
Dungeon (3/15)

Altars:
Dithmenos
Gozag
Kikubaaqudgha
Qazlal
Ru
Xom

Annotations:
D:3 Sigmund


Message History

Sigmund zaps a wand.
You are confused.
It is a wand of confusion.
You bump into the rock wall.
You feel less confused.
Unknown command.
Sigmund zaps a wand.
You are confused.
You bump into the rock wall.
Sigmund casts a spell at you. The magic dart hits you!
You take 1 damage, and have 27/28 hp.
You bump into the rock wall.
Sigmund zaps a wand.
You resist with some effort.
You bump into the rock wall.
Drink which item? (? for menu, Esc to quit)
You feel better.
Sigmund zaps a wand.
You are confused.
Health restored: 28 Sigmund zaps a wand.
You resist with some effort.
Sigmund hits you from afar with a scythe of venom.
You are poisoned.
You take 1 damage, and have 27/28 hp.
You feel sick.
You take 1 damage, and have 26/28 hp.
You're too confused to move!
You feel sick.
Sigmund hits you with a scythe of venom!
You are lethally poisoned!
You take 9 damage, and have 17/28 hp.
MASSIVE DAMAGE!!
Drink which item? (? for menu, Esc to quit)
You feel better.
Sigmund zaps a wand.
You resist with some effort.
Health restored: 28 A film of ice covers your body!
Sigmund barely misses you.
You now have 10/13 mp.
You barely miss Sigmund. You hit Sigmund.
Sigmund zaps a wand.
You resist with some effort.
You hit Sigmund. Sigmund hits you but does no damage.
You are poisoned.
Your leather armour prevents you from hitting Sigmund.
You feel sick.
Sigmund points at you and mumbles some strange words.
The puff of flame hits you! The heat melts your icy armour.
You take 11 damage, and have 17/28 hp.
MASSIVE DAMAGE!!
You hit Sigmund.
You feel sick. Sigmund casts a spell at you. The puff of flame hits you!
* * * LOW HITPOINT WARNING * * *
The heat melts your icy armour.
You take 10 damage, and have 7/28 hp.
MASSIVE DAMAGE!!
You hit Sigmund.
* * * LOW HITPOINT WARNING * * *
You feel sick.
Sigmund zaps a wand.
You are confused.
You take 1 damage, and have 6/28 hp.
You bump into the rock wall.
* * * LOW HITPOINT WARNING * * *
You feel sick.
Sigmund casts a spell.
Sigmund flickers and vanishes!
Deactivating autopickup; reactivate with Ctrl-A.
You take 1 damage, and have 5/28 hp.
Unknown command.
You hit something.
You hear some strange, mumbled words.
A magic dart appears from out of thin air!
The magic dart hits you!
* * * LOW HITPOINT WARNING * * *
You take 2 damage, and have 3/28 hp.
You bump into the rock wall.
* * * LOW HITPOINT WARNING * * *
You feel sick. Something hits you but does no damage.
You are more poisoned.
You take 1 damage, and have 2/28 hp.
You bump into the rock wall.
* * * LOW HITPOINT WARNING * * *
You feel sick.
You hear a zap.
You are more confused.
You take 1 damage, and have 1/28 hp.
Drink which item? (? for menu, Esc to quit)
It was a potion of brilliance.
You feel clever all of a sudden.
* * * LOW HITPOINT WARNING * * *
You feel sick. Something hits you but does no damage.
You are more poisoned.
You bump into the rock wall.
You die...

..# ### #.#######
#.@.....# #@# #.# #.#
##################.###
................@{...#
###.##############.#.#
#.# #..#.# #.# #..#.#
#.# #..#.# #.# #.##.#
#.# #.##.# #.# #.##.#
#.# #.##.#


There were no monsters in sight!

Vanquished Creatures
  An orc priest (D:3)
  Natasha (twice) (D:3)
  2 adders (D:3)
  2 worms (D:2)
  A giant gecko (D:3)
  2 orcs (D:3)
  11 bats
  8 goblins
  7 hobgoblins
  3 giant cockroaches
  4 giant newts
  8 kobolds
  6 rats
57 creatures vanquished.

Notes
Turn   | Place    | Note
--------------------------------------------------------------
     0 | D:1      | drasked, the Deep Elf Ice Elementalist, began the quest for the Orb.
     0 | D:1      | Reached XP level 1. HP: 10/10 MP: 6/6
   305 | D:1      | Reached XP level 2. HP: 15/15 MP: 5/8
   495 | D:1      | Reached skill level 3 in Stealth
   864 | D:2      | Found an opulent altar of Gozag.
   921 | D:2      | Found a stormy altar of Qazlal.
   959 | D:2      | Reached XP level 3. HP: 19/19 MP: 9/9
  1118 | D:2      | Reached skill level 3 in Dodging
  1204 | D:2      | Found a shadowy altar of Dithmenos.
  1344 | D:2      | Found a sacrificial altar of Ru.
  1409 | D:3      | Noticed Natasha
  1412 | D:3      | Killed Natasha
  1418 | D:3      | Reached skill level 4 in Ice Magic
  1503 | D:3      | Reached XP level 4. HP: 24/24 MP: 11/11
  1508 | D:3      | Learned a level 3 spell: Ozocubu's Armour
  1520 | D:3      | Noticed Natasha
  1530 | D:3      | HP: 5/24 [shadow imp/nerve-wracking pain[Natasha] (12)]
  1532 | D:3      | Killed Natasha
  1532 | D:3      | Reached skill level 4 in Spellcasting
  1729 | D:3      | Found a shimmering altar of Xom.
  1729 | D:3      | Found a shimmering altar of Xom.
  1729 | D:3      | Found a shimmering altar of Xom.
  1729 | D:3      | Found a shimmering altar of Xom.
  1729 | D:3      | Found a shimmering altar of Xom.
  1729 | D:3      | Found a shimmering altar of Xom.
  1730 | D:3      | Found a shimmering altar of Xom.
  1730 | D:3      | Found a shimmering altar of Xom.
  1730 | D:3      | Found a shimmering altar of Xom.
  1730 | D:3      | Found a shimmering altar of Xom.
  1730 | D:3      | Found a shimmering altar of Xom.
  1730 | D:3      | Found a shimmering altar of Xom.
  1731 | D:3      | Found a shimmering altar of Xom.
  2021 | D:3      | Found an ancient bone altar of Kikubaaqudgha.
  2072 | D:3      | Reached skill level 4 in Dodging
  2235 | D:3      | Reached XP level 5. HP: 8/28 MP: 9/13
  2652 | D:3      | Noticed Sigmund
  2676 | D:3      | HP: 7/28 [Sigmund/puff of flame (9)]
  2679 | D:3      | HP: 3/28 [something/magic dart (2)]
  2681 | D:3      | HP: 1/28 [poisoned by Sigmund]
  2683 | D:3      | Succumbed to Sigmund's poison

Action                   |  1- 3 |  4- 6 || total
-------------------------+-------+-------++-------
Melee: Unarmed           |     1 |       ||     1
       Whip              |    75 |    54 ||   129
 Cast: Freeze            |    14 |     2 ||    16
       Ozocubu's Armour  |       |     6 ||     6
  Use: Potion            |       |     4 ||     4
 Stab: Sleeping          |     4 |     2 ||     6
  Eat: Chunk             |    10 |     4 ||    14

Vault maps used:
D:1:      elethiomel_arrival_maze, serial_glass, glass_columns_a,
          glass_columns_a, due_unseen_surprise, feat_on_display, feat_on_display
D:2:      grunt_gozag_statues, nicolae_ru_the_path_less_chosen,
          grunt_qazlal_sundering, nicolae_dithmenos_through_a_glass_darkly,
          minmay_unequal
D:3:      xom_redecorated, nicolae_overflow_crystal_walls, first_bread,
          kennysheep_nondescript, uniq_sigmund, uniq_natasha

Table legend:
 A = Turns spent in this place as a percentage of turns spent in the entire game.
 B = Non-inter-level travel turns spent in this place as a percentage of non-inter-level travel turns spent in the entire game.
 C = Inter-level travel turns spent in this place as a percentage of turns spent in this place.
 D = Turns resting spent in this place as a percentage of non-inter-level travel turns spent in this place.
 E = Turns spent auto-exploring this place as a percentage of non-inter-level travel turns spent in this place.
 F = Non-inter-level travel turns spent in this place divided by the number of levels of this place that you've seen.
                   A       B       C       D       E      F
               +-------+-------+-------+-------+-------+----------------------
         Total | 100.0 | 100.0 |   1.0 |   2.7 |  10.0 | 319.7
       Dungeon | 100.0 | 100.0 |   1.0 |   2.7 |  10.0 | 319.7
               +-------+-------+-------+-------+-------+----------------------

Table legend:
 A = Kills in this place as a percentage of kills in entire the game.
 B = Kills by you in this place as a percentage of kills by you in the entire game.
 C = Kills by friends in this place as a percentage of kills by friends in the entire game.
 D = Other kills in this place as a percentage of other kills in the entire game.
 E = Experience gained in this place as a percentage of experience gained in the entire game.
 F = Experience gained in this place divided by the number of levels of this place that you have seen.
                   A       B       C       D       E      F
               +-------+-------+-------+-------+-------+----------------------
         Total | 100.0 | 100.0 |  -nan |  -nan | 100.0 |  68.3
       Dungeon | 100.0 | 100.0 |  -nan |  -nan | 100.0 |  68.3
               +-------+-------+-------+-------+-------+----------------------
